 Dungeon Crawl Stone Soup version 0.21-a0-201-g8501b10 (webtiles) character file.

176158 Helio the Imperceptible (level 17, -7/90 HPs)
             Began as a Spriggan Enchanter on Aug 17, 2017.
             Was the Champion of Dithmenos.
             Killed from afar by a shock serpent (25 damage)
             ... with a bolt of electricity
             ... on level 2 of the Snake Pit.
             The game lasted 01:48:51 (45139 turns).

Helio the Imperceptible (Spriggan Enchanter)       Turns: 45139, Time: 01:48:52

Health: -7/90      AC: 13    Str: 10    XL:     17   Next: 50%
Magic:  24/37      EV: 38    Int: 18    God:    Dithmenos [******]
Gold:   1485       SH:  0    Dex: 23    Spells: 34/46 levels left

rFire    + + +     SeeInvis +   u - +4 rapier "Sigre" {drain, rF++ Stlth+}
rCold    + . .     Gourm    .   (shield restricted)
rNeg     . . .     Faith    .   a - +2 robe {rC+ rF+}
rPois    +         Spirit   .   h - +0 hat
rElec    .         Reflect  .   b - +1 cloak
rCorr    .         Harm     .   (gloves unavailable)
MR       ++...                  (boots unavailable)
Stlth    ++++++++++             F - amulet of Xom's Displeasure {+Rage rPois Dex+5}
HPRegen  0.25/turn              N - +4 ring of protection
MPRegen  0.25/turn              Y - +3 ring of evasion

@: wreathed by umbra, very quick
A: unfitting armour, thin metallic scales 1, see invisible, herbivore 3, speed
3, shaggy fur 1, slow metabolism 2, strong 1
a: Shadow Step, Shadow Form, Renounce Religion, Evoke Berserk Rage


You were on level 2 of the Snake Pit.
You worshipped Dithmenos.
Dithmenos was exalted by your worship.
You were not hungry.

You visited 7 branches of the dungeon, and saw 29 of its levels.

You collected 2112 gold pieces.
You spent 627 gold pieces at shops.

Inventory:

Hand Weapons
 u - the +4 rapier "Sigre" (weapon) {drain, rF++ Stlth+}
   (You found it on level 4 of the Dungeon)

   A truly terrible weapon, it drains the life of those it strikes.
   It greatly protects you from fire.
   It makes you more stealthy.
 B - a +6 quick blade
 I - the +7 Spriggan's Knife {MR+ EV+4 Dex+4 Stlth+}
   (You took it off a boggart on level 1 of the Depths)

   It affects your evasion (+4).
   It affects your dexterity (+4).
   It affects your resistance to hostile enchantments.
   It makes you more stealthy.
Missiles
 s - 6 throwing nets (quivered)
Armour
 a - a +2 robe of resistance (worn)
 b - a +1 cloak (worn)
 h - a +0 hat (worn)
 l - a scarf of cloud immunity
Jewellery
 i - a +4 amulet of reflection
 t - an uncursed ring of flight
 z - an uncursed ring of positive energy
 F - the amulet of Xom's Displeasure (around neck) {+Rage rPois Dex+5}
   (You took it off an orc priest on level 9 of the Dungeon)

   [amulet of rage]

   It affects your dexterity (+5).
   It protects you from poison.
   It lets you go berserk.
 J - an uncursed ring of fire
 N - a +4 ring of protection (left hand)
 S - a +6 ring of dexterity
 V - a +4 ring of strength
 Y - a +3 ring of evasion (right hand)
Wands
 e - a wand of acid (4/15)
 g - a wand of acid (9/15)
 v - a wand of confusion (48/48)
 D - a wand of enslavement (13/24)
 T - a wand of acid (6/15)
Scrolls
 c - 7 scrolls of remove curse
 j - a scroll of recharging
 k - 7 scrolls of teleportation
 A - 3 scrolls of magic mapping
 H - 4 scrolls of identify
 M - a scroll of fear
Potions
 f - 8 potions of curing
 m - 2 potions of haste
 n - 3 potions of magic
 o - 3 potions of lignification
 p - 3 potions of resistance
 q - 8 potions of brilliance
 r - a potion of might
 C - a potion of ambrosia
 E - 5 potions of flight
 K - 3 potions of mutation
 O - a potion of berserk rage
 Q - 2 potions of cancellation
Books
 y - the Compendium of Dark Cold
   (You found it on level 1 of the Depths)

   Spells                             Type                      Level
   a - Throw Frost                    Conjuration/Ice              2
   b - Sublimation of Blood           Necromancy                   2
   c - Vampiric Draining              Necromancy                   3
   d - Summon Ice Beast               Ice/Summoning                4
   e - Cigotuvi's Embrace             Necromancy                   5
 G - a book of Necromancy

   Spells                             Type                      Level
   a - Pain                           Necromancy                   1
   b - Animate Skeleton               Necromancy                   1
   c - Vampiric Draining              Necromancy                   3
   d - Regeneration                   Charms/Necromancy            3
   e - Animate Dead                   Necromancy                   4
   f - Control Undead                 Necromancy                   4
 L - a book of Minor Magic

   Spells                             Type                      Level
   a - Magic Dart                     Conjuration                  1
   b - Blink                          Translocation                2
   c - Call Imp                       Summoning                    2
   d - Slow                           Hexes                        2
   e - Conjure Flame                  Conjuration/Fire             3
   f - Mephitic Cloud                 Conjuration/Poison/Air       3
 P - a book of Clouds

   Spells                             Type                      Level
   a - Poisonous Vapours              Poison/Air                   2
   b - Mephitic Cloud                 Conjuration/Poison/Air       3
   c - Conjure Flame                  Conjuration/Fire             3
   d - Freezing Cloud                 Conjuration/Ice/Air          6
   e - Ring of Flames                 Charms/Fire                  7
 U - the Incunabulum of the Entourage
   (You found it on level 3 of the Lair of Beasts)

   Spells                             Type                      Level
   a - Summon Butterflies             Summoning                    1
   b - Summon Guardian Golem          Hexes/Summoning              3
   c - Aura of Abjuration             Summoning                    5
   d - Summon Hydra                   Summoning                    7
Comestibles
 d - 26 bread rations


   Skills:
 + Level 10.5 Fighting
 - Level 14.0 Short Blades
 + Level 17.5 Dodging
 + Level 21.1 Stealth
 + Level 15.3 Spellcasting
 + Level 15.4 Hexes
 - Level 6.1 Evocations


You had 34 spell levels left.
You knew the following spells:

 Your Spells              Type           Power        Failure   Level  Hunger
a - Ensorcelled Hibernat  Hex/Ice        #####.       1%          2    None
b - Corona                Hex            ######.      0%          1    None
c - Confuse               Hex            ######..     1%          3    None
d - Tukima's Dance        Hex            ######..     1%          3    None
e - Dazzling Spray        Conj/Hex       #####.       1%          3    None


Dungeon Overview and Level Annotations

Branches:
Dungeon (15/15)            Temple (1/1) D:7            Lair (6/6) D:9
 Shoals (0/4) Lair:3        Snake (2/4) Lair:3        Slime (0/5) Lair:6
    Orc (2/2) D:12            Elf (1/3) Orc:2        Vaults (0/5) D:14
 Depths (2/5) D:15

Altars:
Ashenzari
Cheibriados
Dithmenos
Elyvilon
Fedhas
Gozag
Hepliaklqana
Kikubaaqudgha
Makhleb
Nemelex Xobeh
Okawaru
Qazlal
Ru
Sif Muna
Trog
Uskayaw
Vehumet
Wu Jian
Xom
Yredelemnul
Zin
The Shining One
Jiyva

Shops:
D:4 *   D:6 (   D:7 %=   D:12 *   Orc:1 *   Orc:2 [(:*   Depths:1 [[%

Portals:
Hell: Depths:1
Ziggurat: Depths:1

Annotations:
Lair:1 exclusion: oklob plant
Depths:1 exclusion: orange crystal statue


Innate Abilities, Weirdness & Mutations

You are very small and have problems with some larger weapons.
You are too small for most types of armour.
You have supernaturally acute eyesight. (SInv)
You are a herbivore.
You cover ground extremely quickly.
You need consume almost no food.
You are partially covered in thin metallic scales. (AC +2)
You are covered in fur. (AC +1)
Your muscles are strong. (Str +2)


Message History

The shock serpent's electric aura discharges, shocking you!
* * * LOW HITPOINT WARNING * * *
The anaconda grabs you. The anaconda completely misses you.
* * * LOW HITPOINT WARNING * * *
The anaconda constricts you.
The shock serpent completely misses you.
The anaconda's grasp on you weakens, but your attempt to escape fails.
The anaconda misses you.
* * * LOW HITPOINT WARNING * * *
The anaconda constricts you. The shock serpent misses you.
The anaconda closely misses you.
* * * LOW HITPOINT WARNING * * *
You emit a cloud of dark smoke.
The anaconda constricts you.
The shock serpent completely misses you.
You escape the anaconda's grasp.
A naga warrior comes into view. It is wielding a battleaxe.
A naga comes into view. It is wielding a flail.
The shock serpent shoots out a bolt of lightning at you!
The bolt of electricity hits you!
You die...

.....
#.....)...<†........##
........##.....N..........#
.....###.........?......
........................
......N..........)).....
..................).....
......#.................
........................
>......@...(.......##...
.......S..........###...
..................###...
..........S.............
............§([..§..?†.†
...........§§.§§§§......
...........§§§§§........
..........§§§§§§§.......
...........§§§§........


You could see a naga warrior (wandering), an anaconda, a shock serpent and a
naga (wandering).

Vanquished Creatures
  Rupert (Snake:1)
  A lich (Depths:1)
  Frances (D:13)
  A storm dragon (Depths:1)
  A nagaraja (Snake:2)
  A fire giant (Depths:1)
  An orc warlord (Orc:2)
  3 frost giants
  3 very ugly things (Depths:1)
  7 stone giants
  A spark wasp (Depths:1)
  A dire elephant (Lair:3)
  Azrael (D:15)
  2 ettins (Depths:1)
  A deep elf high priest (Depths:1)
  3 fire dragons
  8 vault guards
  2 great orbs of eyes (Depths:1)
  A merfolk impaler (Depths:1)
  A yaktaur captain (Depths:1)
  3 hydras
  The ghost of Serpenta the Summoner, a journeyman BaSu of Kikubaaqudgha (D:12)
  4 naga warriors (Snake:1)
  Fannar (Orc:1)
  A rakshasa (Depths:1)
  8 anacondas
  A spriggan air mage (Depths:1)
  4 catoblepae
  2 ogre magi (Depths:1)
  7 centaur warriors
  The ghost of Mandevil the Summoner, a journeyman TeSu of Sif Muna (D:11)
  15 two-headed ogres
  10 death yaks
  3 tengu warriors
  A deep troll earth mage (D:10)
  A deep troll shaman (Depths:1)
  4 orc high priests (Orc:2)
  3 naga sharpshooters (Snake:1)
  2 vampire magi (Depths:1)
  The ghost of Helio the Unseen, a journeyman SpEn of Dithmenos (D:9)
  A shock serpent (Snake:1)
  An iron troll (Depths:1)
  2 fire crabs
  A salamander mystic (Snake:2)
  4 naga ritualists
  A glowing orange brain (Depths:1)
  2 wizards
  A swamp dragon (Lair:6)
  A wolf spider zombie (D:13)
  3 unseen horrors
  6 orc knights
  Pikel (D:6)
  5 mana vipers
  8 orc sorcerers
  2 oklob plants (Lair:3)
  8 salamanders
  2 deep elf magi
  9 ugly things
  2 cyclopes
  11 elephants
  2 manticores
  14 black mambas
  4 torpor snails (Lair:5)
  A gargoyle (D:15)
  Joseph (D:7)
  A guardian serpent (Snake:2)
  2 naga magi (Snake:1)
  A spiny frog (shapeshifter) (Depths:1)
  11 spiny frogs
  2 rime drakes
  A kobold demonologist (D:14)
  7 yaktaurs
  12 komodo dragons
  A harpy zombie (D:15)
  A merfolk (Lair:3)
  3 tengu conjurers
  An efreet (D:14)
  11 trolls
  2 polar bears
  15 blink frogs
  6 hippogriffs
  A harpy skeleton (D:15)
  A hornet (D:15)
  3 slime creatures (D:13)
  Prince Ribbit (D:7)
  A shadow (D:13)
  58 yaks
  Sigmund (D:2)
  A vampire (D:10)
  2 wraiths
  4 wyverns
  4 water elementals (Depths:1)
  4 hungry ghosts
  4 steam dragons
  4 fire elementals (D:15)
  6 basilisks
  Eustachio (D:5)
  7 vampire mosquitoes
  A harpy simulacrum (D:14)
  7 nagas
  2 soldier ants
  An acid dragon (D:12)
  10 wargs
  11 water moccasins
  9 porcupines
  3 black bears
  A hell hound (D:15)
  4 sky beasts
  A slave (D:6)
  3 swamp drakes (Lair:6)
  38 orc warriors
  An eye of draining (D:13)
  3 hornet zombies (D:15)
  14 ogres
  4 phantoms
  4 ice beasts
  9 wolves
  10 boggarts (Depths:1)
  17 crocodiles
  20 centaurs
  A big kobold (D:13)
  20 bullfrogs
  2 wyvern zombies
  A water moccasin zombie (D:5)
  2 scorpions
  11 killer bees
  10 wights
  7 howler monkeys
  2 spriggan skeletons (D:9)
  8 electric eels
  7 crimson imps
  A quasit (D:9)
  A bullfrog zombie (D:13)
  3 bullfrog skeletons
  8 hounds
  Crazy Yiuf (D:2)
  20 orc priests
  4 jellies
  5 centaur skeletons
  3 gnoll shamans
  32 orc wizards
  Natasha (thrice) (D:4)
  An iguana (Lair:6)
  11 worker ants
  A killer bee zombie (D:8)
  A hound zombie (D:10)
  A howler monkey zombie (D:4)
  A howler monkey skeleton (D:7)
  27 gnolls
  19 adders
  8 shadow imps
  2 oozes
  An adder zombie (D:10)
  3 adder skeletons
  6 worms
  3 leopard geckos
  137 orcs
  3 giant cockroaches
  11 hobgoblins
  28 jackals
  15 kobolds
  7 quokkas
  A ball python (D:5)
  A ball python skeleton (D:4)
  3 bats
  6 frilled lizards
  A giant cockroach zombie (D:6)
  7 goblins
  A quokka zombie (D:7)
  5 rats
  5 fungi
1028 creatures vanquished.

Vanquished Creatures (collateral kills)
  A naga sharpshooter (Snake:1)
  14 gnolls
  A hobgoblin (D:5)
16 creatures vanquished.

Vanquished Creatures (others)
  A lich (Depths:1)
  4 dancing weapons (D:5)
  A basilisk (Lair:6)
  A black bear (D:6)
  2 slaves (D:6)
  A bullfrog (Lair:3)
  An ooze (D:2)
  4 orcs
  2 rats (D:2)
  18 fungi
  15 plants
  4 toadstools (Lair:3)
54 creatures vanquished.

Grand Total: 1098 creatures vanquished

Notes
Turn   | Place    | Note
-------+----------+-------------------------------------------
     0 | D:1      | Helio the Spriggan Enchanter began the quest for the Orb.
     0 | D:1      | Reached XP level 1. HP: 9/9 MP: 5/5
   481 | D:3      | Reached XP level 2. HP: 13/13 MP: 7/7
   635 | D:1      | Learned a level 2 spell: Ensorcelled Hibernation
   659 | D:1      | Reached XP level 3. HP: 10/16 MP: 6/9
   909 | D:1      | Learned a level 3 spell: Confuse
   913 | D:1      | Learned a level 3 spell: Tukima's Dance
  2707 | D:2      | Reached XP level 4. HP: 15/21 MP: 4/11
  3151 | D:2      | Reached skill level 5 in Hexes
  3506 | D:2      | Noticed Sigmund
  3516 | D:2      | Killed Sigmund
  3516 | D:2      | Reached skill level 5 in Spellcasting
  3516 | D:2      | Reached XP level 5. HP: 24/24 MP: 9/14
  3720 | D:2      | Found a runed door.
  4183 | D:2      | Noticed Crazy Yiuf
  4187 | D:2      | Killed Crazy Yiuf
  4187 | D:2      | Reached skill level 5 in Stealth
  4187 | D:2      | Reached XP level 6. HP: 28/28 MP: 15/15
  4476 | D:3      | Found an opulent altar of Gozag.
  5684 | D:4      | Reached skill level 6 in Stealth
  5941 | D:4      | Found Ugrouj's General Store.
  5945 | D:4      | Reached skill level 7 in Stealth
  6474 | D:4      | Noticed Natasha
  6489 | D:4      | Reached skill level 8 in Stealth
  6489 | D:4      | Reached XP level 7. HP: 32/32 MP: 10/16
  6636 | D:4      | Killed Natasha
  6775 | D:4      | Got an ancient rapier
  6776 | D:4      | Identified the +4 rapier "Sigre" {drain, rF++ Stlth+} (You found it on level 4 of the Dungeon)
  7130 | D:4      | Noticed Natasha
  7142 | D:4      | Killed Natasha
  7162 | D:4      | Reached skill level 9 in Stealth
  7427 | D:4      | Noticed Natasha
  7441 | D:4      | Killed Natasha
  7701 | D:5      | Entered Level 5 of the Dungeon
  7988 | D:5      | Reached skill level 10 in Stealth
  8141 | D:5      | Learned a level 3 spell: Dazzling Spray
  8164 | D:5      | Noticed Eustachio
  8184 | D:5      | Killed Eustachio
  8388 | D:5      | HP: 1/32 [ogre/giant club (20)]
  8816 | D:5      | Reached skill level 11 in Stealth
  9580 | D:5      | Reached XP level 8. HP: 36/36 MP: 2/17
 10153 | D:5      | Reached skill level 12 in Stealth
 11226 | D:5      | Reached skill level 13 in Stealth
 12406 | D:6      | Found Zozil's Antique Weapon Shoppe.
 12694 | D:6      | Found a shadowy altar of Dithmenos.
 12712 | D:6      | Became a worshipper of Dithmenos the Shadowed
 12819 | D:6      | Noticed Pikel
 12836 | D:6      | Killed Pikel
 12836 | D:6      | Reached skill level 1 in Fighting
 13240 | D:6      | Reached XP level 9. HP: 40/42 MP: 15/19
 13340 | D:7      | Found Oduogg's Jewellery Emporium.
 13403 | D:7      | Reached XP level 10. HP: 46/46 MP: 20/20
 13576 | D:7      | Reached skill level 5 in Dodging
 14059 | D:7      | Found Buawk's Food Emporium.
 14231 | D:7      | Noticed Joseph
 14233 | D:7      | Noticed Prince Ribbit
 14238 | D:7      | Killed Joseph
 14238 | D:7      | Reached * piety under Dithmenos
 14315 | D:7      | Killed Prince Ribbit
 14563 | D:7      | Found a staircase to the Ecumenical Temple.
 14569 | Temple   | Entered the Ecumenical Temple
 14899 | D:8      | Found a blossoming altar of Fedhas.
 14899 | D:8      | Found a burning altar of Makhleb.
 14899 | D:8      | Found a snail-covered altar of Cheibriados.
 14899 | D:8      | Found a basalt altar of Yredelemnul.
 14905 | D:8      | Noticed a two-headed ogre
 14909 | D:8      | Killed a two-headed ogre
 14926 | D:8      | Noticed a two-headed ogre
 14967 | D:8      | Killed a two-headed ogre
 15255 | D:8      | Reached skill level 14 in Stealth
 15444 | D:8      | Reached XP level 11. HP: 49/52 MP: 21/23
 15480 | D:8      | Reached ** piety under Dithmenos
 15891 | D:9      | Noticed a two-headed ogre
 15896 | D:9      | Killed a two-headed ogre
 15942 | D:9      | Noticed an unseen horror
 15973 | D:9      | Killed an unseen horror
 16025 | D:9      | Noticed a two-headed ogre
 16035 | D:9      | Killed a two-headed ogre
 16054 | D:9      | Noticed Helio's ghost (journeyman SpEn)
 16071 | D:9      | Killed Helio's ghost
 16261 | D:9      | Found a staircase to the Lair.
 16523 | D:9      | Got a twitching diamond amulet
 16524 | D:9      | Identified the amulet of Xom's Displeasure {+Rage rPois Dex+5} (You took it off an orc priest on level 9 of the Dungeon)
 17072 | D:10     | Entered Level 10 of the Dungeon
 17082 | D:10     | Reached *** piety under Dithmenos
 17156 | D:10     | Noticed a two-headed ogre
 17164 | D:10     | Killed a two-headed ogre
 17502 | D:10     | Noticed a centaur warrior
 17507 | D:10     | Found a large runed door.
 17511 | D:10     | Killed a centaur warrior
 18268 | D:10     | Found a large runed door.
 18315 | D:10     | Reached **** piety under Dithmenos
 18330 | D:10     | Found a shadowy altar of Dithmenos.
 18350 | D:10     | Reached skill level 15 in Stealth
 18461 | D:10     | Found a shattered altar of Ashenzari.
 18461 | D:10     | Noticed a fire crab
 18465 | D:10     | Killed a fire crab
 18465 | D:10     | Reached XP level 12. HP: 58/58 MP: 25/25
 18472 | D:10     | Found a blossoming altar of Fedhas.
 18472 | D:10     | Noticed a deep troll earth mage
 18476 | D:10     | Killed a deep troll earth mage
 19358 | D:11     | Reached skill level 5 in Fighting
 19558 | D:11     | Noticed a two-headed ogre
 19565 | D:11     | Killed a two-headed ogre
 19652 | D:11     | Noticed Mandevil's ghost (journeyman TeSu)
 19664 | D:11     | Killed Mandevil's ghost
 19896 | D:12     | Noticed Serpenta's ghost (journeyman BaSu)
 19917 | D:12     | Killed Serpenta's ghost
 20574 | D:12     | Found Fariklal's General Store.
 20577 | D:12     | Bought a potion of mutation for 88 gold pieces
 21134 | D:12     | Found a staircase to the Orcish Mines.
 21150 | D:12     | Reached ***** piety under Dithmenos
 21651 | D:12     | Reached skill level 10 in Hexes
 22005 | D:13     | Noticed a two-headed ogre
 22009 | D:13     | Killed a two-headed ogre
 22019 | D:13     | Noticed a tengu warrior
 22021 | D:13     | Killed a tengu warrior
 22021 | D:13     | Reached skill level 10 in Dodging
 22040 | D:13     | Found a frozen archway.
 22041 | D:13     | Noticed Frances
 22045 | D:13     | Killed Frances
 22045 | D:13     | Reached skill level 16 in Stealth
 22379 | D:13     | Reached XP level 13. HP: 65/65 MP: 27/27
 22419 | D:13     | Reached skill level 10 in Spellcasting
 23494 | D:4      | Bought a +4 ring of protection for 468 gold pieces
 25348 | D:14     | Found a gate to the Vaults.
 25822 | D:14     | Reached skill level 17 in Stealth
 26461 | Lair:1   | Entered Level 1 of the Lair of Beasts
 26560 | Lair:1   | Reached ****** piety under Dithmenos
 26563 | Lair:1   | Reached XP level 14. HP: 72/72 MP: 15/30
 28648 | Lair:3   | Found a staircase to the Snake Pit.
 28917 | Lair:3   | Found a runed door.
 29272 | Lair:3   | Found a staircase to the Shoals.
 29835 | Lair:3   | Identified a scroll of acquirement
 30203 | Lair:3   | Identified the Incunabulum of the Entourage
 30897 | Lair:4   | Reached skill level 18 in Stealth
 32107 | Lair:5   | Found a snail-covered altar of Cheibriados.
 32414 | Lair:5   | Gained mutation: Your muscles are strong. (Str +2) [potion of mutation]
 32414 | Lair:5   | Gained mutation: You are covered in fur. (AC +1) [potion of mutation]
 32414 | Lair:5   | Gained mutation: You are partially covered in thin metallic scales. (AC +2) [potion of mutation]
 32561 | Lair:6   | Entered Level 6 of the Lair of Beasts
 32867 | Lair:6   | Found a staircase to the Slime Pits.
 32867 | Lair:6   | Found a viscous altar of Jiyva.
 32970 | Lair:6   | Reached XP level 15. HP: 76/77 MP: 32/32
 35243 | Lair:5   | Reached skill level 19 in Stealth
 35488 | Orc:1    | Entered Level 1 of the Orcish Mines
 35824 | Orc:1    | Found Atoosilu's Assorted Antiques.
 35836 | Orc:1    | Bought a scroll labeled WOTRUMOCUXY for 32 gold pieces
 36117 | Orc:1    | Noticed Fannar
 36142 | Orc:1    | Killed Fannar
 36723 | Orc:2    | Entered Level 2 of the Orcish Mines
 36733 | Orc:2    | Found Vaymaesm's Antique Armour Emporium.
 36763 | Orc:2    | Reached skill level 15 in Dodging
 36914 | Orc:2    | Found Guqer's Antique Weapon Shoppe.
 37063 | Orc:2    | Found Riozil's Book Emporium.
 37063 | Orc:2    | Noticed an orc warlord
 37067 | Orc:2    | Killed an orc warlord
 38236 | Orc:2    | Found Magyc's General Store.
 38263 | Orc:2    | Found a staircase to the Elven Halls.
 38299 | Orc:2    | Bought a potion of curing for 39 gold pieces
 38504 | Elf:1    | Entered Level 1 of the Elven Halls
 38682 | D:15     | Entered Level 15 of the Dungeon
 38773 | D:15     | Reached skill level 1 in Evocations
 38929 | D:15     | Noticed Azrael
 38964 | D:15     | Killed Azrael
 39001 | D:15     | Reached XP level 16. HP: 43/84 MP: 22/34
 39209 | D:15     | Found a staircase to the Depths.
 39982 | Depths:1 | Entered Level 1 of the Depths
 39990 | Depths:1 | Found Hurruro's Food Emporium.
 40062 | Depths:1 | Killed a lich
 40080 | Depths:1 | Found Usihuor's Armour Shoppe.
 40086 | Depths:1 | Reached skill level 5 in Evocations
 40113 | Depths:1 | Found a gateway to Hell.
 40117 | Depths:1 | Found Luipp's Armour Shop.
 40136 | Depths:1 | Identified the Compendium of Dark Cold
 40448 | Depths:1 | HP: 3/84 [rakshasa/trident (7)]
 40862 | Depths:1 | Reached skill level 20 in Stealth
 41346 | Depths:1 | Found a gateway to a ziggurat.
 41408 | Depths:1 | Noticed a storm dragon
 41411 | Depths:1 | Killed a storm dragon
 41629 | Depths:1 | Noticed a lich
 41635 | Depths:1 | Killed a lich
 41860 | Depths:1 | Got a coiled lead ring
 41861 | Depths:1 | Identified the ring of Queha {rPois rC+ Str-5 SInv} (You found it on level 1 of the Depths)
 42149 | Depths:1 | Reached skill level 10 in Fighting
 43053 | D:14     | Reached XP level 17. HP: 89/89 MP: 19/36
 43379 | Snake:1  | Entered Level 1 of the Snake Pit
 43890 | Snake:1  | Reached skill level 15 in Hexes
 43909 | Snake:1  | Noticed Rupert
 43911 | Snake:1  | Killed Rupert
 43972 | Snake:1  | Reached skill level 15 in Spellcasting
 44950 | Snake:2  | Reached skill level 21 in Stealth
 45139 | Snake:2  | Killed from afar by a shock serpent

Vault maps used:
D:1:      eino_arrival_cavern_b
D:2:      first_bread, lemuel_flame_loot_1, uniq_crazy_yiuf_cottage,
          uniq_sigmund
D:3:      minmay_misc_feat_pillars, lemuel_tele_altar
D:4:      serial_shops, shop, uniq_natasha
D:5:      lemuel_castle_with_subvaults, uniq_eustachio
D:6:      serial_shops, shop, nicolae_dithmenos_shadow_blocks, uniq_pikel
D:7:      minmay_temple_entry_fiery, serial_shops, shop, kennysheep_mini_moat,
          uniq_prince_ribbit1, uniq_joseph
D:8:      chequers_temple_overflow_statue_of_worship, grunt_ogre_cave
D:9:      erik_lair_orcish_takeover, roderic_lattice_a, hangedman_tell_no_tales
D:10:     basic_altar, jmf_multi_god_temple2
D:11:     serial_bayou_pond_d
D:12:     hiddenorc2_lemuel, serial_shops, kennysheep_mini
D:13:     portal_ice_cave_entry_pillars_1, minmay_misc_feat_more_columns,
          uniq_frances
D:14:     erik_vaults_2, hex_medium
D:15:     grunt_enter_depths_snipers, uniq_azrael
Temple:   regret_index_temple_mists
Lair:1:   st_stairs_13, minmay_lair_oklob_bushes
Lair:3:   gammafunk_lair_enchanted_lake, elwin_shoals_entry_rooms,
          minmay_snake_entry_guardpost_small, minmay_lair_oklob_chamber
Lair:5:   kennysheep_snail_temple
Lair:6:   guppyfry_lair_end_dragon, slime_altar_1, bh_autumn_forest_stairs,
          lemuel_fruit_tree, grunt_megastairs_1, serial_bayou_shore_a,
          serial_bayou_shore_b
Snake:1:  uniq_rupert
Orc:1:    serial_shops, shop, minmay_orc_barracks, uniq_fannar
Orc:2:    grunt_orc_gardens, grunt_orc_garden, grunt_orc_garden,
          grunt_orc_garden, grunt_orc_garden
Elf:1:    serial_shops, nicolae_shop_behind_doors,
          hangedman_elven_crosses_minicolossus
Depths:1: minmay_stepped, enter_ziggurat_f, serial_shops, bzr_firewalk,
          shop_statue, nicolae_shop_temple_entry_statues_fountains,
          nicolae_shop_crystal, hell_entry, rand_demon_pan_entry_1,
          minivault_14, minivault_15, serial_bayou_lagoon_a,
          minmay_pinched_square
Depths:2: kennysheep_large_spiral, mu_enter_wizlab_3, hell_entry,
          infiniplex_staircase_door_maze, minmay_shoptagon, uniq_bai_suzhen,
          uniq_sojobo

Skill      XL: |  1  2  3  4  5  6  7  8  9 10 11 12 13 14 15 16 17 |
---------------+----------------------------------------------------+-----
Spellcasting   | 3 4 5 6 7 8 9 11 12 13 14 15 | 15.3
Hexes          | 4 6 7 9 10 11 12 13 14 15 | 15.4
Stealth        | 5 8 11 13 14 15 16 17 18 19 20 21 | 21.1
Dodging        | 4 6 8 10 12 14 15 16 17 | 17.5
Fighting       | 1 3 4 5 7 8 9 10 | 10.5
Short Blades   | 2 12 13 14 | 14.0
Evocations     | 2 6 |  6.1

Action                   |  1- 3 |  4- 6 |  7- 9 | 10-12 | 13-15 | 16-18 || total
-------------------------+-------+-------+-------+-------+-------+-------++-------
Melee: Dagger            |   118 |   132 |   314 |     5 |       |       ||   569
       Rapier            |       |       |    39 |   704 |  1465 |   600 ||  2808
 Cast: Corona            |     5 |       |     1 |       |       |       ||     6
       Ensorcelled Hiber |    17 |    37 |    31 |    39 |    69 |     9 ||   202
       Confuse           |       |     4 |    39 |    77 |   125 |    42 ||   287
       Tukima's Dance    |       |       |    31 |     4 |     4 |     1 ||    40
       Dazzling Spray    |       |       |     1 |    11 |    50 |    33 ||    95
Invok: Shadow Step       |       |       |       |     1 |     6 |     6 ||    13
  Use: Scroll            |     3 |     4 |     8 |    11 |    17 |    13 ||    56
       Potion            |       |       |     1 |     1 |     7 |     6 ||    15
 Stab: Sleeping          |    12 |    31 |    29 |   113 |   166 |    62 ||   413
       Confused          |       |     4 |    17 |    28 |    63 |    20 ||   132
       Distracted        |       |       |       |     6 |    20 |     6 ||    32
       Invisible         |       |       |       |     2 |    19 |     8 ||    29
  Eat: Bread ration      |       |     1 |     1 |       |       |       ||     2
       Royal jelly       |       |       |     1 |       |     4 |     3 ||     8
       Fruit             |       |       |     5 |     8 |     8 |       ||    21
Armor: Robe              |    13 |    15 |    36 |    17 |    66 |    30 ||   177
Dodge: Dodged            |   106 |    91 |   285 |   389 |  1084 |   521 ||  2476
